 Dungeon Crawl Stone Soup version 0.29-a0-609-gb56f46d856 (webtiles) character file.

Game seed: 12429974892941704961

15478 KristoblXynda the Carver (level 12, -3/142 HPs)
             Began as a Demonspawn Berserker on June 16, 2022.
             Was an Elder of Trog.
             Slain by a very large slime creature (37 damage)
             ... on level 11 of the Dungeon.
             The game lasted 00:14:45 (11107 turns).

KristoblXynda the Carver (Demonspawn Berserker)    Turns: 11107, Time: 00:14:45

Health: -3/142     AC: 24    Str: 26    XL:     12   Next: 1%
Magic:  0/12       EV: 16    Int: 10    God:    Trog [****..]
Gold:   315        SH:  6    Dex: 13    Spells: 11/11 levels left

rFire   . . .      SeeInvis .   i - +1 demon blade (elec)
rCold   . . .      Faith    .   z - +1 buckler
rNeg    . . .      Spirit   +   F - +6 chain mail "Ytusuas" {Str+5}
rPois   .          Reflect  .   H - +2 helmet
rElec   .          Harm     .   (no cloak)
rCorr   .          Rampage  .   (gloves unavailable)
Will    .....                   y - +0 pair of boots
Stlth   ..........              B - amulet of guardian spirit
HPRegen 0.33/turn               G - +4 ring of slaying
MPRegen 0.13/turn               D - +4 ring of evasion

@: berserking (expiring), very quick
A: spiny 2, sharp scales 2, demonic touch 3
a: Renounce Religion, Berserk, Trog's Hand, Brothers in Arms


You were on level 11 of the Dungeon.
You worshipped Trog.
Trog was greatly pleased with you.
You visited 2 branches of the dungeon, and saw 13 of its levels.

You collected 649 gold pieces.
You spent 334 gold pieces at shops.

Inventory:

Hand Weapons
 i - a +1 demon blade of electrocution (weapon)
 r - the +6 arbalest "Damnation" {damnation}
   (You found it on level 2 of the Dungeon)

   Any ammunition fired from it explodes in a burst of damnation on striking a
   foe, dealing damage which bypasses armour.
Missiles
 O - a throwing net (quivered)
Armour
 n - the +8 chain mail "Nalykofa" {rPois rN+ Will-}
   (You found it on level 2 of the Dungeon)

   rPois:     It protects you from poison.
   rN:        It protects you from negative energy.
   Will:      It decreases your willpower.
 y - a +0 pair of boots (worn)
 z - a +1 buckler (worn)
 F - the +6 chain mail "Ytusuas" (worn) {Str+5}
   (You found it on level 5 of the Dungeon)

   Str:       It affects your strength (+5).
 H - a +2 helmet (worn)
Jewellery
 o - a ring of poison resistance
 s - a ring of see invisible
 w - a +4 ring of protection
 B - an amulet of guardian spirit (around neck)
 D - a +4 ring of evasion (right hand)
 G - a +4 ring of slaying (left hand)
 I - the ring of False Pretenses {Fly Will+++ MP+9 Str+6 Int-2 Dex-3}
   (You found it on level 6 of the Dungeon)

   [ring of flight]

   Str:       It affects your strength (+6).
   Int:       It affects your intelligence (-2).
   Dex:       It affects your dexterity (-3).
   MP:        It affects your magic capacity (+9).
   Fly:       It grants you flight.
   Will:      It greatly increases your willpower.
 K - a ring of fire
 M - a ring of resist corrosion
Wands
 m - a wand of mindburst (11)
 N - a wand of digging (6)
 P - a wand of iceblast (12)
Scrolls
 a - a scroll of identify
 d - 5 scrolls of poison
 g - 4 scrolls of magic mapping
 j - 2 scrolls of blinking
 k - 2 scrolls of fog
 l - 7 scrolls of teleportation
 u - 4 scrolls of immolation
Potions
 b - 3 potions of lignification
 c - a potion of invisibility
 e - a potion of magic
 f - 2 potions of brilliance
 h - 2 potions of heal wounds
 p - a potion of haste
 q - a potion of might {unknown}
 t - 4 potions of flight
 v - a potion of berserk rage {unknown}
 x - 4 potions of curing
 A - 3 potions of attraction
 C - 2 potions of mutation
 E - a potion of cancellation
 L - a potion of ambrosia {unknown}


   Skills:
 - Level 9.0 Fighting
 * Level 10.2 Long Blades
 + Level 9.1 Armour
 + Level 9.0 Dodging
 - Level 4.1 Shields


You had 11 spell levels left.
You didn't know any spells.
Your spell library contained the following spells:

 Spells                   Type           Power      Damage    Failure   Level
 Apportation              Tloc           0%         N/A       94%         1
 Necrotize                Necr           0%         1d4       94%         1
 Slow                     Hex            0%         N/A       94%         1
 Summon Small Mammal      Summ           0%         N/A       94%         1
 Ensorcelled Hibernation  Hex/Ice        0%         N/A       98%         2
 Frozen Ramparts          Ice            0%         1d2       100%        3
 Gell's Gravitas          Tloc           0%         N/A       100%        3
 Lesser Beckoning         Tloc           0%         N/A       100%        3
 Portal Projectile        Hex/Tloc       0%         N/A       100%        3
 Spider Form              Tmut/Pois      0%         N/A       100%        3
 Teleport Other           Tloc           0%         N/A       100%        3
 Anguish                  Hex/Necr       0%         N/A       100%        4
 Cause Fear               Hex            0%         N/A       100%        4
 Ice Form                 Ice/Tmut       0%         N/A       100%        4
 Leda's Liquefaction      Hex/Erth       0%         N/A       100%        4
 Summon Ice Beast         Ice/Summ       0%         N/A       100%        4
 Lee's Rapid Deconstruct  Erth           0%         3d5*      100%        5
 Metabolic Englaciation   Hex/Ice        0%         N/A       100%        5
 Conjure Ball Lightning   Conj/Air       0%         3x3d6     100%        6
 Statue Form              Tmut/Erth      0%         N/A       100%        6
 Enfeeble                 Hex            0%         N/A       100%        7


Dungeon Overview and Level Annotations

Branches:
Dungeon (12/15)            Temple (1/1) D:5            Lair (0/6) D:8
    Orc (0/2) D:10

Altars:
Ashenzari
Cheibriados
Dithmenos
Elyvilon
Fedhas
Gozag
Hepliaklqana
Kikubaaqudgha
Makhleb
Nemelex Xobeh
Okawaru
Qazlal
Ru
Sif Muna
Trog
Uskayaw
Vehumet
Wu Jian
Xom
Yredelemnul
Zin
The Shining One

Shops:
D:5 [   D:11 !


Innate Abilities, Weirdness & Mutations

You are mostly covered in sharp spines.
You are mostly covered in razor-sharp scales. (AC +2, Slay +2)
Your touch may irresistibly damage your foes and sap their willpower.


Message History

You slash the very large slime creature!
Lightning courses through the very large slime creature!!
The very large slime creature is heavily wounded.
You hit the very large slime creature.
The very large slime creature is heavily wounded.
The very large slime creature is struck by your spines.
The very large slime creature hits you! The troll bites you but does no damage.
The troll barely misses you. x2
You are too injured to fight recklessly!
You are too injured to fight recklessly!
You barely miss the troll. You slice the troll!!
The troll is heavily wounded.
The very large slime creature is struck by your spines.
The very large slime creature hits you but does no damage.
The troll is struck by your spines. The troll barely misses you.
The troll claws you but does no damage. The troll completely misses you.
You slash the troll!
You kill the troll!
Trog accepts your kill.
The troll leather armour is intact enough to wear.
You have reached level 12!
You feel agile.
You hit the very large slime creature.
The very large slime creature is heavily wounded.
The very large slime creature is struck by your spines.
The very large slime creature hits you!!
* * * LOW HITPOINT WARNING * * *
You slice the very large slime creature!!
The very large slime creature is severely wounded.
Unknown command.
You slice the very large slime creature!!
Lightning courses through the very large slime creature!
The very large slime creature is almost dead.
The very large slime creature misses you.
You slash the very large slime creature!
The very large slime creature is almost dead.
The very large slime creature is struck by your spines.
The very large slime creature hits you!!!
You die...

#
#^.#...............#.
#
#..#...#.####.###..#.
#
#......#...........#.
#
##.#....######.##...#.
#
#..............##.#.#.
##
#..#.........(.....^..
.#
#..#...♣♣♣♣♣♣.....#...
.#
#..##[J≈≈≈♣≈≈♣#####.#.
.#
#..##@♣≈≈≈≈≈≈≈≈♣♣♣..#.
.#
#..###♣≈≈≈≈≈≈≈P≈≈≈≈♣#.
##
#....≈≈≈≈≈≈≈≈≈≈≈≈≈≈≈♣.
#
#...≈≈≈≈≈≈≈≈≈P≈≈≈≈≈≈≈♣
#
#...♣≈≈≈.≈P≈≈≈≈P≈≈≈≈♣.
#
#..........≈≈..≈≈≈≈P#.
####
#..................##.
...#
#.♣≈≈≈.≈.≈..)......##.
##.#
#.♣♣♣≈≈≈≈≈≈.≈≈.....#..


You could see a very large slime creature.

Vanquished Creatures
  Gastronok (D:10)
  Fannar (D:10)
  2 two-headed ogres (D:11)
  3 death yaks (D:8)
  A sixfirhy (D:11)
  A cyclops (D:8)
  Joseph (D:7)
  2 gargoyles (D:11)
  An unseen horror (D:11)
  Maggie (D:7)
  2 kobold demonologists (D:10)
  2 trolls
  A hornet (D:9)
  2 slime creatures (D:11)
  2 shadows (D:10)
  Sigmund (D:6)
  12 yaks
  A water elemental (D:11)
  A wraith (D:11)
  2 wyverns
  4 vampire mosquitoes (D:11)
  2 acid dragons
  2 water moccasins
  A black bear (D:5)
  2 orc warriors
  2 ice beasts
  2 sky beasts
  3 ogres
  2 centaurs
  2 phantoms
  4 kobold brigands (D:10)
  A bullfrog (D:8)
  2 scorpions (D:6)
  7 wights
  4 troll zombies (D:10)
  2 howler monkeys
  4 electric eels (D:11)
  2 orc priests
  3 hounds
  3 iguanas
  8 orc wizards
  4 ogre zombies (D:10)
  3 adders (D:6)
  14 gnolls
  A shadow imp (D:7)
  2 white imps
  An ufetubus (D:5)
  2 worms
  A dart slug (D:8)
  29 orcs
  4 bats
  4 endoplasms
  4 giant cockroaches
  5 hobgoblins
  5 jackals
  3 quokkas
  7 ball pythons
  2 frilled lizards (D:1)
  7 goblins
  A goblin skeleton (D:10)
  3 goblin zombies (D:10)
  2 hobgoblin skeletons (D:10)
  2 hobgoblin zombies (D:10)
  17 kobolds
  3 orc skeletons (D:10)
  13 orc zombies (D:10)
  6 rats
247 creatures vanquished.

Vanquished Creatures (others)
  An orc (D:8)
  54 plants (D:11)
55 creatures vanquished.

Grand Total: 302 creatures vanquished

Notes
Turn   | Place    | Note
-------+----------+-------------------------------------------
     0 | D:1      | KristoblXynda the Demonspawn Berserker began the quest for
                  | the Orb.
     0 | D:1      | Reached XP level 1. HP: 18/18 MP: 1/1
   121 | D:1      | Found a faded altar of an unknown god.
   275 | D:1      | Gained mutation: You are partially covered in razor-sharp
                  | scales. (AC +1, Slay +1) [demonic ancestry]
   275 | D:1      | Reached XP level 2. HP: 24/24 MP: 2/2
   698 | D:1      | Reached skill level 3 in Long Blades
  1135 | D:2      | Identified the +8 chain mail "Nalykofa" {rPois rN+ Will-}
  1247 | D:2      | Found the +6 arbalest "Damnation" {damnation}
  1412 | D:2      | Identified the +6 spear of Jevoa {antimagic, rElec Str-3
                  | Dex+6 Stlth+}
  1520 | D:3      | Gained mutation: You are partially covered in sharp spines.
                  | [demonic ancestry]
  1520 | D:3      | Reached XP level 3. HP: 29/29 MP: 3/3
  1586 | D:3      | Reached ** piety under Trog
  2089 | D:4      | Reached XP level 4. HP: 35/35 MP: 4/4
  2171 | D:4      | Found a stormy altar of Qazlal.
  2389 | D:4      | Reached skill level 1 in Shields
  2389 | D:4      | Gained mutation: Your touch may inflict minor irresistible
                  | damage on your foes. [demonic ancestry]
  2389 | D:4      | Reached XP level 5. HP: 36/42 MP: 5/5
  2926 | D:5      | Entered Level 5 of the Dungeon
  2968 | D:5      | Noticed an ogre
  2974 | D:5      | Killed an ogre
  3082 | D:5      | Gained mutation: Your touch may inflict irresistible damage
                  | on your foes. [demonic ancestry]
  3082 | D:5      | Reached XP level 6. HP: 48/48 MP: 6/6
  3116 | D:5      | Identified the +6 chain mail "Ytusuas" {Str+5}
  3422 | D:5      | Found Zunief's Antique Armour Shoppe.
  3433 | D:5      | Bought a pair of gloves for 139 gold pieces
  3536 | D:5      | Noticed an ice beast
  3547 | D:5      | Killed an ice beast
  3592 | D:5      | Reached skill level 4 in Long Blades
  3592 | D:5      | Gained mutation: You are mostly covered in sharp spines.
                  | [demonic ancestry]
  3592 | D:5      | Reached XP level 7. HP: 46/55 MP: 5/7
  4006 | D:5      | Found a staircase to the Ecumenical Temple.
  4015 | Temple   | Entered the Ecumenical Temple
  4303 | D:6      | Got the Tome of Feathers and Curses
  4335 | D:6      | Identified the ring of False Pretenses {Fly Will+++ MP+9
                  | Str+6 Int-2 Dex-3}
  4363 | D:6      | Found a shimmering altar of Xom.
  4375 | D:6      | Reached skill level 5 in Fighting
  4513 | D:6      | Noticed Sigmund
  4530 | D:6      | Killed Sigmund
  4531 | D:6      | Gained mutation: Your touch may irresistibly damage your
                  | foes and sap their willpower. [demonic ancestry]
  4531 | D:6      | Reached XP level 8. HP: 62/62 MP: 8/8
  4730 | D:6      | Found a hide-covered altar of Uskayaw.
  4866 | D:6      | Reached skill level 5 in Long Blades
  5048 | D:6      | Found a bloodstained altar of Trog.
  5354 | D:7      | Noticed Joseph
  5374 | D:7      | Killed Joseph
  5375 | D:7      | Reached skill level 5 in Armour
  5509 | D:7      | Reached skill level 5 in Dodging
  5517 | D:7      | Reached *** piety under Trog
  5530 | D:7      | Noticed Maggie
  5543 | D:7      | Killed Maggie
  5544 | D:7      | Reached XP level 9. HP: 37/69 MP: 5/9
  5927 | D:7      | Found a shadowy altar of Dithmenos.
  6021 | D:7      | Identified the +8 hand axe "Xosaq" {drain, rN+}
  6524 | D:8      | Noticed a cyclops
  6535 | D:8      | Killed a cyclops
  6536 | D:8      | Reached skill level 6 in Long Blades
  6573 | D:8      | Found a snail-covered altar of Cheibriados.
  6604 | D:8      | Noticed a death yak
  6624 | D:8      | Killed a death yak
  6670 | D:8      | Noticed a death yak
  6670 | D:8      | Noticed a death yak
  6711 | D:8      | Killed a death yak
  6712 | D:8      | Gained mutation: You are mostly covered in razor-sharp
                  | scales. (AC +2, Slay +2) [demonic ancestry]
  6712 | D:8      | Reached XP level 10. HP: 79/79 MP: 7/10
  6752 | D:8      | Killed a death yak
  6753 | D:8      | Reached skill level 7 in Long Blades
  7097 | D:8      | Found a staircase to the Lair.
  8246 | D:10     | Entered Level 10 of the Dungeon
  8346 | D:10     | Noticed Fannar
  8358 | D:10     | Killed Fannar
  8359 | D:10     | Reached skill level 8 in Long Blades
  8359 | D:10     | Reached XP level 11. HP: 13/87 MP: 1/11
  8433 | D:10     | Noticed a soul eater
  8443 | D:10     | Reached **** piety under Trog
  8814 | D:10     | Noticed Gastronok
  8850 | D:10     | Killed Gastronok
  8955 | D:10     | Found a staircase to the Orcish Mines.
  9302 | D:10     | Found a sparkling altar of Nemelex Xobeh.
  9475 | D:11     | Noticed a two-headed ogre
  9483 | D:11     | Killed a two-headed ogre
  9484 | D:11     | Reached skill level 9 in Long Blades
  9522 | D:11     | Found Piwooh's Distillery.
  9530 | D:11     | Bought a potion of mutation for 104 gold pieces
  9530 | D:11     | Bought 2 potions of degeneration for 26 gold pieces
  9530 | D:11     | Bought a potion of heal wounds for 65 gold pieces
  9793 | D:11     | HP: 1/89 [gargoyle/stone arrow (5)]
 10146 | D:11     | Noticed a two-headed ogre
 10158 | D:11     | Killed a two-headed ogre
 10812 | D:11     | Noticed a sixfirhy
 10813 | D:11     | Found a runed translucent door.
 11010 | D:11     | Killed a sixfirhy
 11011 | D:11     | Reached skill level 10 in Long Blades
 11104 | D:11     | Reached XP level 12. HP: 64/95 MP: 5/12
 11107 | D:11     | Slain by a very large slime creature

Illustrated notes

Levels and vault maps discovered:
D:1:      dpeg_arrival_three_same_balls, layout_basic,
          hellmonk_ecumenical_altar_zigzags
D:2:      layout_basic
D:3:      layout_rooms, mainiacjoe_overflow_surrounded_room,
          roderic_roman_lattice, minmay_tree_intersection
D:4:      layout_basic, mainiacjoe_overflow_24_doors
D:5:      layout_loops_ring, lemuel_temple_firewalk_b, serial_shops,
          nicolae_shop_stone
D:6:      layout_basic, mainiacjoe_overflow_six_doors_small,
          mainiacjoe_overflow_brackets, mainiacjoe_overflow_cross_hatched,
          uniq_sigmund
D:7:      layout_rooms, general_overflow_altar, skrybe_limestone_x,
          chequers_serial_rivers_micro_b, uniq_joseph, uniq_maggie
D:8:      layout_basic, kennysheep_slug_shrine, dpeg_lair_monsters
D:9:      layout_loops_ring
D:10:     layout_rooms, nemelex_diamond_rough_becter, zombieorc2_lemuel,
          uniq_fannar, uniq_gastronok
D:11:     cheibrodos_shockbox, layout_basic, serial_shops, shop, serial_bayou,
          serial_bayou_ford_a, serial_bayou_shore_b, serial_bayou_pond_e,
          serial_bayou_lake_a, serial_bayou_pond_d
D:12:     dreamdust_cave_troll, layout_grid_maze, grunt_qazlal_sundering
Temple:   eino_narrow_crystal_temple

Skill      XL: |  1  2  3  4  5  6  7  8  9 10 11 |
---------------+----------------------------------+-----
Armour         | 2 3 4 5 6 7 9 |  9.1
Dodging        | 2 3 4 5 6 7 9 |  9.0
Long Blades    | 3 4 5 6 8 10 | 10.2
Shields        | 1 2 3 4 |  4.1
Fighting       | 4 5 6 7 8 9 |  9.0

Action                   |  1- 3 |  4- 6 |  7- 9 | 10-12 || total
-------------------------+-------+-------+-------+-------++-------
Melee: Falchion          |    95 |    78 |   206 |   151 ||   530
       Punch             |     4 |       |       |       ||     4
       Long sword        |       |       |       |   242 ||   242
       Demon blade       |       |       |       |    23 ||    23
Invok: Berserk           |     1 |     2 |     6 |    12 ||    21
       Trog's Hand       |       |       |       |     2 ||     2
  Use: Scroll            |     1 |       |    15 |     5 ||    21
       Potion            |       |       |     1 |     5 ||     6
 Stab: Sleeping          |     1 |       |       |       ||     1
       Invisible         |       |       |     4 |     2 ||     6
Armor: Animal skin       |     6 |       |       |       ||     6
       Ring mail         |    30 |    13 |       |       ||    43
       Chain mail        |       |    16 |    82 |   171 ||   269
Dodge: Dodged            |    71 |    43 |    78 |   224 ||   416
Block: Buckler           |       |    20 |    48 |   103 ||   171

Table legend: (Time is in decaauts)
 A = Elapsed time spent in this place.
 B = Non-inter-level travel time spent in this place.
 C = Inter-level travel time spent in this place.
 D = Time resting spent in this place.
 E = Time spent auto-exploring this place.
 F = Levels seen in this place.
 G = Mean time per level.
                   A        B        C        D        E       F      G
               +--------+--------+--------+--------+--------+-----+--------+
         Total |  11345 |  10954 |    391 |   2436 |   6653 |  13 |  872.7 |
       Dungeon |  11137 |  10759 |    378 |   2436 |   6466 |  12 |  928.1 |
        Temple |    207 |    194 |     13 |      0 |    187 |   1 |  207.0 |
               +--------+--------+--------+--------+--------+-----+--------+

Top non-repeatable levels by time:
    D:11: 1753 daAuts
    D:10: 1216 daAuts
     D:7: 1168 daAuts
     D:6: 1093 daAuts
     D:5: 1063 daAuts
     D:8: 998 daAuts
     D:4: 978 daAuts
     D:1: 875 daAuts
     D:9: 769 daAuts
     D:2: 648 daAuts
     D:3: 566 daAuts
  Temple: 207 daAuts
    D:12: 6 daAuts
